 Dungeon Crawl Stone Soup version 0.31-a0-1272-g9f703e4c1d (webtiles) character file.

Game seed: 14778554375105215093

0 n0bwainer the Slasher (level 1, 0/19 HPs)
             Began as a Minotaur Berserker on Dec 17, 2023.
             Was a Follower of Trog.
             Slain by an adder (2 damage)
             ... on level 2 of the Dungeon.
             The game lasted 00:00:34 (55 turns).

n0bwainer the Slasher (Minotaur Berserker)            Turns: 55, Time: 00:00:34

Health: 0/19       AC:  2    Str: 21    XL:     1   Next: 8%
Magic:  0/0        EV: 12    Int:  4    God:    Trog [*.....]
Gold:   0          SH:  0    Dex:  9    Spells: 0/0 levels left

rFire   . . .        a - +0 falchion
rCold   . . .        (no shield)
rNeg    . . .        b - +0 animal skin
rPois   .            (helmet restricted)
rElec   .            (no cloak)
rCorr   .            (no gloves)
SInv    .            (no boots)
Will    .....        (no amulet)
Stlth   +            (no ring)
HPRegen 0.23/turn    (no ring)
MPRegen 0.07/turn

%: no passive effects
@: lethally poisoned (0 -> -9)
A: horns 2, retaliatory headbutt
a: Renounce Religion, Berserk


You were on level 2 of the Dungeon.
You worshipped Trog.
Trog was aware of your devotion.
You visited 1 branch of the dungeon, and saw 2 of its levels.

Inventory:

Hand Weapons
 a - a +0 falchion (weapon)
Armour
 b - a +0 animal skin (worn)


   Skills:
 + Level 3.6 Fighting
 + Level 3.6 Long Blades
 + Level 2.4 Armour
 + Level 2.2 Dodging


You couldn't memorise any spells.
You didn't know any spells.
Your spell library was empty.

Dungeon Overview and Level Annotations

Branches:
Dungeon (2/15)

Altars:


Innate Abilities, Weirdness & Mutations

You have a pair of horns on your head.
You reflexively headbutt those who attack you in melee.


Message History

You kill the bat!
Trog accepts your kill.
You see here a bat corpse.
There is an escape hatch in the floor here.
You slide downwards.
The hatch slams shut behind you.
Found a beast talisman and a leather armour.
You can't go up here!
A frilled lizard and an adder come into view.
The frilled lizard hisses angrily.
The adder hisses angrily.
You open the door.
An adder comes into view.
Found 2 stones.
Found a scroll labelled CUTOICL ZOEWN.
The adder hisses angrily.
There is an open door here.
The adder barely misses you. You furiously retaliate!
You headbutt the adder! The adder attacks as it pursues you!
The adder bites you.
A hobgoblin comes into view.
The adder attacks as it pursues you! The adder misses you.
The adder attacks as it pursues you! The adder bites you.
You are poisoned.
The adder poisons you! The adder bites you.
You are more poisoned.
The adder poisons you!
You feel very sick. The adder bites you.
You are lethally poisoned!
The adder poisons you!
You hit the adder.
The adder is lightly wounded.
You feel very sick. The adder bites you.
* * * LOW HITPOINT WARNING * * *
The adder bites you but does no damage.
You closely miss the adder.
The adder is lightly wounded.
* * * LOW HITPOINT WARNING * * *
You feel very sick.
The adder completely misses you. x2; The adder bites you.
You die...

...................
...................
......[............
...................
...................
...................
........S..........
.......@S..........
........l##'###....
.......g...........
...............?...
....%..............
...................
.................##
...........(.#...#
..#......#...#


You could see 2 adders, a hobgoblin and a frilled lizard.

Vanquished Creatures
  A bat (D:1)
1 creature vanquished.

Notes
Turn   | Place    | Note
-------+----------+-------------------------------------------
     0 | D:1      | n0bwainer the Minotaur Berserker began the quest for the
                  | Orb.
     0 | D:1      | Reached XP level 1. HP: 19/19 MP: 0/0
    55 | D:2      | Slain by an adder

Illustrated notes

Levels and vault maps discovered:
D:1:      ldierk_walled_garden_2, layout_rooms, serial_corexii_hall,
          corexii_hall_statues_l, corexii_hall_statues_l,
          nicolae_twisty_statue_hallways
D:2:      layout_basic

Action                     || total
---------------------------++-------
  Melee: Falchion          ||     6
         Headbutt          ||     1
         Punch             ||     1
 Armour: Animal skin       ||     9
  Dodge: Dodged            ||     7

Table legend: (Time is in decaauts)
 A = Elapsed time spent in this place.
 B = Non-inter-level travel time spent in this place.
 C = Inter-level travel time spent in this place.
 D = Time resting spent in this place.
 E = Time spent auto-exploring this place.
 F = Levels seen in this place.
 G = Mean time per level.
                   A        B        C        D        E       F      G
               +--------+--------+--------+--------+--------+-----+--------+
         Total |     56 |     56 |      0 |      0 |      0 |   2 |   28.0 |
       Dungeon |     56 |     56 |      0 |      0 |      0 |   2 |   28.0 |
               +--------+--------+--------+--------+--------+-----+--------+

Top non-repeatable levels by time:
     D:1: 43 daAuts
     D:2: 12 daAuts
